 Dungeon Crawl Stone Soup version 0.24-a0-462-ge24419a6ad (webtiles) character file.

Game seed: 4582118200309212070

221 Elric the Slasher (level 5, -16/41 HPs)
             Began as a Demonspawn Berserker on July 2, 2019.
             Was a Believer of Trog.
             Demolished by an ogre
             ... wielding a +0 giant club
              (18 damage)
             ... on level 4 of the Dungeon.
             The game lasted 00:05:26 (2787 turns).

Elric the Slasher (Demonspawn Berserker)            Turns: 2787, Time: 00:05:26

Health: -16/41     AC: 10    Str: 18    XL:     5   Next: 65%
Magic:  5/5        EV:  7    Int:  9    God:    Trog [**....]
Gold:   237        SH:  0    Dex: 12    Spells: 4/4 levels left

rFire    . . .     SeeInvis .   a - +0 falchion
rCold    + . .     Gourm    .   (no shield)
rNeg     . . .     Faith    .   m - +0 plate armour (curse)
rPois    .         Spirit   .   l - +0 hat
rElec    .         Reflect  .   (no cloak)
rCorr    .         Harm     .   (no gloves)
MR       +....                  (no boots)
Stlth    ..........             h - amulet of inaccuracy (curse)
HPRegen  0.13/turn              i - ring of protection from magic
MPRegen  0.09/turn              (no ring)

@: no status effects
A: cold resistance 1, demonic guardian 1, sturdy frame 1
a: Berserk, Trog's Hand, Renounce Religion


You were on level 4 of the Dungeon.
You worshipped Trog.
Trog was pleased with you.
You were not hungry.

You visited 1 branch of the dungeon, and saw 4 of its levels.

You collected 237 gold pieces.

Inventory:

Hand Weapons
 a - a +0 falchion (weapon)
Armour
 b - a +0 animal skin
 e - a +0 chain mail
 l - a +0 hat (worn)
 m - a cursed +0 plate armour (worn)
Jewellery
 h - a cursed amulet of inaccuracy (around neck)
 i - a ring of protection from magic (left hand)
Scrolls
 j - 2 scrolls of identify
 n - a scroll of remove curse {unknown}
 o - a scroll of magic mapping {unknown}
 q - a scroll of fear {unknown}
Potions
 d - a potion of flight {unknown}
 f - a potion of degeneration {unknown}
 g - 3 potions of lignification {unknown}
 k - a potion of magic {unknown}
 p - a potion of haste {unknown}
Comestibles
 c - 12 rations


   Skills:
 - Level 3.0 Fighting
 + Level 5.8 Long Blades
 - Level 1.7 Armour
 - Level 1.7 Dodging


You had 4 spell levels left.
You didn't know any spells.
Your spell library was empty.

Dungeon Overview and Level Annotations

Branches:
Dungeon (4/15)
 Temple: D:4-7

Altars:
Cheibriados
Gozag
Makhleb
Okawaru
Trog
Uskayaw
Vehumet
Xom

Shops:
D:4 (


Innate Abilities, Weirdness & Mutations

Your flesh is cold resistant. (rC+)
A weak demonic guardian rushes to your aid.
Your movements are slightly less encumbered by armour. (ER -2)


Message History

The giant cockroach bites you but does no damage.
The giant cockroach bites you but does no damage.
The ogre barely misses you. The giant cockroach bites you.
The ogre hits you but does no damage. The giant cockroach barely misses you.
You riposte.
You hit the giant cockroach.
The giant cockroach is severely wounded.
The giant cockroach bites you but does no damage.
The ogre hits you with a +0 giant club!
* * * LOW HITPOINT WARNING * * *
The giant cockroach bites you but does no damage.
The ogre hits you with a +0 giant club.
* * * LOW HITPOINT WARNING * * *
The giant cockroach bites you but does no damage.
The giant cockroach bites you but does no damage.
The ogre hits you with a +0 giant club.
* * * LOW HITPOINT WARNING * * *
The giant cockroach bites you but does no damage. x2
The ogre hits you with a +0 giant club!!
You die...

........#.. .......#. .
........ ... ..##......
.. .........# ... ...#
.........###.# #..#
.......sO.#..###..#
.......@..#..##..####
.......#............##
......###.###......<.#
......##.##.#.#.....# ##
..... #.............###.
............##.......##.
.
......####...##.........
.. .....#
#..####......#. ...
.........
#.#####......##


You could see an ogre and a giant cockroach.

Vanquished Creatures
  A crimson imp (D:3)
  Natasha (D:4)
  A worker ant (D:4)
  3 adders
  An ooze (D:3)
  An adder skeleton (D:4)
  A dart slug (D:2)
  3 leopard geckos
  6 bats
  3 giant cockroaches
  9 hobgoblins
  2 jackals (D:2)
  2 ball pythons
  8 frilled lizards
  3 goblins
  A jackal skeleton (D:4)
  3 kobolds (D:1)
  5 rats
54 creatures vanquished.

Vanquished Creatures (collateral kills)
  A centaur zombie (D:4)
  A centaur skeleton (D:4)
  A hound (D:4)
  A worker ant (D:4)
  An orc (D:4)
5 creatures vanquished.

Vanquished Creatures (others)
  A quokka skeleton (D:4)
1 creature vanquished.

Grand Total: 60 creatures vanquished

Notes
Turn   | Place    | Note
-------+----------+-------------------------------------------
     0 | D:1      | Elric the Demonspawn Berserker began the quest for the Orb.
     0 | D:1      | Reached XP level 1. HP: 18/18 MP: 1/1
     6 | D:1      | Noticed a hog
     6 | D:1      | Noticed a swamp worm
     6 | D:1      | Noticed an anaconda
     6 | D:1      | Noticed a polar bear
   255 | D:1      | Reached skill level 3 in Long Blades
   268 | D:1      | Gained mutation: A weak demonic guardian rushes to your
                  | aid. [demonic ancestry]
   268 | D:1      | Reached XP level 2. HP: 17/24 MP: 2/2
   786 | D:2      | Gained mutation: Your movements are slightly less
                  | encumbered by armour. (ER -2) [demonic ancestry]
   786 | D:2      | Reached XP level 3. HP: 21/29 MP: 3/3
   886 | D:2      | Found a shimmering altar of Xom.
   911 | D:2      | Reached ** piety under Trog
   928 | D:2      | Found a shimmering altar of Xom.
   946 | D:2      | Reached skill level 4 in Long Blades
  1151 | D:2      | Found a shimmering altar of Xom.
  1228 | D:2      | Found a shimmering altar of Xom.
  1228 | D:2      | Found a shimmering altar of Xom.
  1228 | D:2      | Found a shimmering altar of Xom.
  1228 | D:2      | Found a shimmering altar of Xom.
  1356 | D:3      | Found an iron altar of Okawaru.
  1454 | D:3      | Found a burning altar of Makhleb.
  1488 | D:3      | Gained mutation: Your flesh is cold resistant. (rC+)
                  | [demonic ancestry]
  1488 | D:3      | Reached XP level 4. HP: 25/35 MP: 4/4
  1562 | D:3      | Found an opulent altar of Gozag.
  1984 | D:3      | Found a snail-covered altar of Cheibriados.
  2161 | D:3      | Found a bloodstained altar of Trog.
  2383 | D:4      | Reached skill level 5 in Long Blades
  2572 | D:4      | Found a radiant altar of Vehumet.
  2593 | D:4      | Reached XP level 5. HP: 36/41 MP: 5/5
  2608 | D:4      | Found a hide-covered altar of Uskayaw.
  2609 | D:4      | Found Ladelacke's Weapon Shoppe.
  2615 | D:4      | Noticed Natasha
  2628 | D:4      | Killed Natasha
  2769 | D:4      | Noticed an ogre
  2786 | D:4      | HP: 2/41 [ogre/+0 giant club (4)]
  2787 | D:4      | Demolished by an ogre

Levels and vault maps discovered:
D:1:      onia_arrival_zoo_common, layout_basic
D:2:      layout_basic, xom_redecorated
D:3:      layout_loops_ring, cheibriados_altar_1, makhleb_grotto_becter,
          lemuel_doored_altar, marbit_many_paths, lemuel_crystal_altar,
          first_ration
D:4:      layout_cave_pools, eat_drink_and_be_merry_uskayaw,
          fiery_altar_vehumet, serial_shops, shop, lightli_corner_chamber,
          uniq_natasha

Skill      XL: |  1  2  3  4 |
---------------+-------------+-----
Long Blades    | 3 4 5 |  5.8
Fighting       | |  3.0
Armour         | |  1.7
Dodging        | |  1.7

Action                   |  1- 3 |  4- 6 || total
-------------------------+-------+-------++-------
Melee: Falchion          |   207 |   117 ||   324
Invok: Berserk           |     1 |       ||     1
  Use: Scroll            |     5 |       ||     5
 Stab: Distracted        |       |     1 ||     1
  Eat: Chunk             |     2 |     6 ||     8
Armor: Animal skin       |     5 |       ||     5
       Chain mail        |   122 |       ||   122
       Plate armour      |    16 |    96 ||   112
Dodge: Dodged            |   128 |    53 ||   181
       Rpst.: Falchion   |    35 |    23 ||    58

Table legend:
 A = Non-vault XP
 B = Vault XP
 C = Vault XP percentage of total XP
 D = Non-vault monster count
 E = Vault monster count
 F = Vault count percentage of total count
                 A         B        C        D         E       F
            +---------+---------+-------+---------+---------+-------
      Total |     250 |      67 |  21.1 |      56 |       3 |   5.1
            +---------+---------+-------+---------+---------+-------
        D:1 |      29 |       0 |   0.0 |      21 |       0 |   0.0
        D:2 |      39 |       0 |   0.0 |      15 |       0 |   0.0
        D:3 |      29 |      32 |  52.5 |       7 |       2 |  22.2
        D:4 |     153 |      35 |  18.6 |      13 |       1 |   7.1
            +---------+---------+-------+---------+---------+-------
